 Dungeon Crawl Stone Soup version 0.20.1-1-g8b1a95d (console) character file.

88 hilaritas the Chopper (level 4, -1/37 HPs)
             Began as a Hill Orc Gladiator on Dec 17, 2017.
             Was an Initiate of Ru.
             Slain by an orc (4 damage)
             ... on level 3 of the Dungeon.
             The game lasted 00:03:35 (1487 turns).

hilaritas the Chopper (Hill Orc Gladiator)          Turns: 1487, Time: 00:03:36

Health: -1/37      AC:  6    Str: 17    XL:     4   Next: 53%
Magic:  4/4        EV: 11    Int:  8    God:    Ru [......]
Gold:   43         SH:  4    Dex: 12    Spells: 3/3 levels left

rFire    . . .     SeeInvis .   a - +0 war axe
rCold    . . .     Gourm    .   m - +0 buckler (curse)
rNeg     . . .     Faith    .   l - +0 ring mail
rPois    .         Spirit   .   c - +0 helmet
rElec    .         Reflect  .   (no cloak)
rCorr    .         Harm     .   (no gloves)
MR       .....                  (no boots)
Stlth    ..........             (no amulet)
Regen    0.2/turn               (no ring)
MPRegen  0.1/turn               (no ring)

@: no status effects
A: no stealth
a: Renounce Religion


You were on level 3 of the Dungeon.
You worshipped Ru.
Ru was noncommittal.
You were not hungry.

You visited 1 branch of the dungeon, and saw 3 of its levels.

You collected 43 gold pieces.

Inventory:

Hand Weapons
 a - a +0 war axe (weapon)
 k - a +2 dagger of flaming
Missiles
 d - 3 throwing nets (quivered)
Armour
 c - a +0 helmet (worn)
 l - a +0 ring mail (worn)
 m - a cursed +0 buckler (worn)
Scrolls
 b - 2 scrolls of remove curse {unknown}
 e - a scroll of blinking {unknown}
 i - a scroll of noise {unknown}
 j - 3 scrolls of teleportation {unknown}
 n - a scroll of recharging {unknown}
 p - 4 scrolls of enchant armour {unknown}
 r - 2 scrolls of identify {unknown}
 s - a scroll of enchant weapon {unknown}
 t - a scroll of magic mapping {unknown}
Potions
 g - 2 potions of heal wounds {unknown}
 q - a potion of lignification {unknown}
Comestibles
 f - 3 bread rations
 h - a meat ration
 o - 8 chunks of flesh


   Skills:
 + Level 2.9 Fighting
 * Level 6.2 Axes
 - Level 1.7 Throwing
 - Level 2.4 Dodging
 * Level 1.3 Shields


You had 3 spell levels left.
You didn't know any spells.

Dungeon Overview and Level Annotations

Branches:
Dungeon (3/15)

Altars:
Ashenzari
Ru


Innate Abilities, Weirdness & Mutations

You cannot be stealthy.


Message History

You kill the hobgoblin!
The orc hits you with a flail.
You barely miss the orc. The orc completely misses you.
You completely miss the orc wizard. You hit the orc but do no damage.
The orc wizard barely misses you.
You hit the orc wizard.
The orc wizard is moderately wounded.
You hit the orc.
Your shield and ring mail prevent you from hitting the orc.
The orc wizard hits you but does no damage.
The orc hits you with a flail. The orc hits you but does no damage.
The orc wizard casts a spell at you. The puff of flame hits you!
* * * LOW HITPOINT WARNING * * *
You slash the orc wizard!
You kill the orc wizard!
Your Axes skill increases to level 6!
You hit the orc. You closely miss the orc. The orc hits you but does no damage.
The orc hits you.
You die...

...!#####
........#
........#
#.......#
#.......#
#.......# #
#.....oo###.#
#.....o@#<..##
.......#.....#
#####..#......#
#########.# #


You could see 3 orcs.

Vanquished Creatures
  An orc wizard (D:3)
  2 adders (D:2)
  2 worms (D:2)
  2 leopard geckos (D:2)
  2 ball pythons
  A giant cockroach (D:2)
  4 goblins
  8 hobgoblins
  3 kobolds
  A bat (D:1)
  3 frilled lizards (D:2)
  5 rats
34 creatures vanquished.

Notes
Turn   | Place    | Note
-------+----------+-------------------------------------------
     0 | D:1      | hilaritas the Hill Orc Gladiator began the quest for the Orb.
     0 | D:1      | Reached XP level 1. HP: 18/18 MP: 1/1
   149 | D:1      | Reached XP level 2. HP: 25/25 MP: 2/2
   693 | D:2      | Reached skill level 5 in Axes
   705 | D:2      | Reached XP level 3. HP: 16/30 MP: 3/3
  1125 | D:2      | Found a faded altar of an unknown god.
  1139 | D:2      | Became a worshipper of Ru the Awakened
  1146 | D:2      | Gained mutation: You cannot be stealthy. [Ru sacrifice]
  1154 | D:2      | Reached skill level 1 in Shields
  1430 | D:2      | Reached XP level 4. HP: 37/37 MP: 4/4
  1448 | D:2      | Found a shattered altar of Ashenzari.
  1487 | D:3      | Reached skill level 6 in Axes
  1487 | D:3      | Slain by an orc

Skill      XL: |  1  2  3  4 |
---------------+-------------+-----
Axes           | 5 6 |  6.2
Shields        | 1 |  1.3
Fighting       | |  2.9
Throwing       | |  1.7
Dodging        | |  2.4

Action                   |  1- 3 |  4- 6 || total
-------------------------+-------+-------++-------
Melee: War axe           |    77 |     9 ||    86
Invok: Sacrifice Stealth |     1 |       ||     1
  Eat: Chunk             |     2 |       ||     2
Armor: Leather armour    |     2 |       ||     2
       Ring mail         |    17 |     3 ||    20
Dodge: Dodged            |    46 |     3 ||    49
Block: Buckler           |    13 |     2 ||    15
